 Dungeon Crawl Stone Soup version 0.31-a0-744-gbc345e7fcb (webtiles) character file.

Game seed: 1776587761416004008

165 GigaChad the Shield-Bearer (level 5, -2/42 HPs)
             Began as a Formicid Fighter on Sept 13, 2023.
             Killed from afar by Sigmund (8 damage)
             ... with a puff of flame
             ... on level 3 of the Dungeon.
             The game lasted 00:03:05 (2162 turns).

GigaChad the Shield-Bearer (Formicid Fighter)       Turns: 2162, Time: 00:03:06

Health: -2/42      AC:  8    Str: 23    XL:     5   Next: 75%
Magic:  5/5        EV:  9    Int: 10    God:
Gold:   134        SH:  0    Dex: 13    Spells: 4/4 levels left

rFire   . . .        a - +0 war axe
rCold   + . .        c - +0 buckler
rNeg    . . .        b - +0 scale mail
rPois   .            (helmet unavailable)
rElec   .            i - +0 cloak
rCorr   .            (no gloves)
SInv    +            (no boots)
Will    .....        l - amulet "Inniteun" {rC+ Regen+ Int+3} Stlth
                     (no ring)
HPRegen 1.07/turn    (no ring)
MPRegen 0.09/turn

%: no passive effects
@: confused
A: permanent stasis, dig shafts and tunnels, antennae 3, four strong arms
a: Dig, Shaft Self


You were on level 3 of the Dungeon.
You visited 1 branch of the dungeon, and saw 3 of its levels.

You collected 134 gold pieces.

Inventory:

Hand Weapons
 a - a +0 war axe (weapon)
 o - a +1 vampiric trident
Armour
 b - a +0 scale mail (worn)
 c - a +0 buckler (worn)
 i - a +0 cloak (worn)
Jewellery
 l - the amulet "Inniteun" (around neck) {rC+ Regen+ Int+3}
   (You found it on level 3 of the Dungeon)

   [amulet of regeneration]

   Int+3:     It affects your intelligence (+3).
   rC+:       It protects you from cold.
   Regen+:    It increases your rate of health regeneration.
 p - a ring of magical power
Wands
 m - a wand of iceblast (10)
Scrolls
 f - a scroll of fog {unknown}
 g - a scroll of torment
 h - a scroll of poison {unknown}
Potions
 d - a potion of might
 e - a potion of curing {unknown}
 j - a potion of berserk rage {unknown}
 k - a potion of magic {unknown}
 n - 3 potions of heal wounds {unknown}


   Skills:
 * Level 4.1 Fighting
 * Level 3.8 Axes
 * Level 4.1 Armour
 * Level 5.0 Shields


You had 4 spell levels left.
You didn't know any spells.
Your spell library contained the following spells:

 Spells                   Type           Power      Damage    Failure   Level
 Chain Lightning          Conj/Air       0%         N/A       100%        9
 Fire Storm               Conj/Fire      0%         5d1       100%        9
 Shatter                  Erth           0%         3d5*      100%        9


Dungeon Overview and Level Annotations

Branches:
Dungeon (3/15)

Altars:
Nemelex Xobeh

Shops:
D:2 *

Annotations:
D:3 2 transporters, Natasha, Sigmund


Innate Abilities, Weirdness & Mutations

You cannot be hasted, slowed, berserked, paralysed or teleported.
You can dig through walls and to a lower floor.
You have a pair of large antennae on your head. (SInv)
Your four strong arms can wield two-handed weapons with a shield.


Message History

You miss Natasha.
Sigmund zaps a wand.
The puff of flame hits you but does no damage.
The cerulean imp hits you from afar with a +0 spear.
Natasha claws you.
* * * LOW HITPOINT WARNING * * *
You bump into the rock wall.
You feel less confused. Sigmund hits you with a +0 scythe.
* * * LOW HITPOINT WARNING * * *
The cerulean imp hits you but does no damage.
Natasha barely misses you.
Unknown command.
You slash Natasha!
Natasha is severely wounded.
You hit Sigmund.
The cerulean imp hits you but does no damage.
Sigmund casts a spell at you.
You are confused.
Natasha claws you but does no damage. The cerulean imp barely misses you.
You bump into the rock wall.
Sigmund closely misses you.
Natasha howls an incantation.
Natasha shimmers violently.
Natasha claws you but does no damage.
The cerulean imp hits you but does no damage.
Unknown command.
You bump into the translucent stone wall.
Natasha claws you.
* * * LOW HITPOINT WARNING * * *
Sigmund hits you but does no damage.
The cerulean imp hits you but does no damage.
Unknown command.
You barely miss Natasha.
Natasha is severely wounded.
You slash Sigmund!
The cerulean imp disappears in a puff of smoke!
Natasha claws you.
* * * LOW HITPOINT WARNING * * *
Sigmund zaps a wand.
The puff of flame hits you!
You die...
Sigmund begins carving another notch in his scythe.

...................
..###..###.#..#.### ..#
#..###.#..# # ..# #......#### #
..# #.####.# .#
..###.####.####.#
.............>..# # #.
..#########...####.# . ..#
#.....©...@h§# .## ## ..#
#.#########@.# # ..###. #.###
#.#8P.©.P8#....##.####)..>.
##..#
#.#P../..P#..####..........
##.###.####+####..............#.
##....#5≈...≈5#..### ##.###.
##.###.#5≈...≈o#..# #......
##......#.≈~~~≈5#..# #.###..
#.#.###.#5≈~⌠~≈ ##.#.##.


You could see Sigmund, an orc priest, Natasha and 4 shadow imps.

Vanquished Creatures
  Jessica (D:2)
  Terence (D:3)
  5 adders
  A worm (D:2)
  2 dart slugs (D:1)
  5 endoplasms
  6 giant cockroaches
  5 goblins
  6 hobgoblins
  4 jackals (D:1)
  4 quokkas
  3 ball pythons (D:2)
  4 bats
  4 frilled lizards
  6 kobolds
  5 rats
62 creatures vanquished.

Notes
Turn   | Place    | Note
-------+----------+-------------------------------------------
     0 | D:1      | GigaChad the Formicid Fighter began the quest for the Orb.
     0 | D:1      | Reached XP level 1. HP: 18/18 MP: 1/1
   148 | D:1      | Reached XP level 2. HP: 24/24 MP: 2/2
   329 | D:1      | Reached XP level 3. HP: 29/29 MP: 3/3
   906 | D:2      | Noticed Jessica
   920 | D:2      | Killed Jessica
   921 | D:2      | Reached XP level 4. HP: 21/37 MP: 4/4
  1129 | D:2      | Found Ashre Ponana's General Store.
  1548 | D:3      | Reached XP level 5. HP: 13/42 MP: 5/5
  1691 | D:3      | Identified the amulet "Inniteun" {rC+ Regen+ Int+3}
  1832 | D:3      | Found a sparkling altar of Nemelex Xobeh.
  2020 | D:3      | Found a transporter.
  2055 | D:3      | Noticed Terence
  2070 | D:3      | Killed Terence
  2071 | D:3      | Reached skill level 5 in Shields
  2143 | D:3      | Found a transporter.
  2147 | D:3      | Noticed Sigmund
  2150 | D:3      | Noticed Natasha
  2162 | D:3      | Killed from afar by Sigmund

Illustrated notes

Levels and vault maps discovered:
D:1:      lemuel_arrival_cross, layout_loops_ring, grunt_decor_resistance,
          corexii_hall_statues_t, nicolae_kite_square_tiling_tiny,
          minmay_worlds_worst_comb
D:2:      layout_loops_cross, serial_shops, nicolae_shop_rolling_square,
          uniq_jessica
D:3:      gammafunk_wand_slinger, layout_loops_ring,
          mainiacjoe_overflow_tiny_flanked, minmay_bisected, uniq_sigmund,
          uniq_terence, uniq_natasha

Skill      XL: |  1  2  3  4  5 |
---------------+----------------+-----
Axes           | 3 |  3.8
Fighting       | 4 |  4.1
Armour         | 4 |  4.1
Shields        | 5 |  5.0

Action                     |  1- 3 |  4- 6 || total
---------------------------+-------+-------++-------
  Melee: War axe           |    82 |   116 ||   198
    Use: Scroll            |     3 |       ||     3
 Armour: Scale mail        |    52 |   109 ||   161
  Dodge: Dodged            |    36 |    76 ||   112
  Block: Buckler           |    24 |    24 ||    48

Table legend: (Time is in decaauts)
 A = Elapsed time spent in this place.
 B = Non-inter-level travel time spent in this place.
 C = Inter-level travel time spent in this place.
 D = Time resting spent in this place.
 E = Time spent auto-exploring this place.
 F = Levels seen in this place.
 G = Mean time per level.
                   A        B        C        D        E       F      G
               +--------+--------+--------+--------+--------+-----+--------+
         Total |   2236 |   2179 |     57 |      0 |   1676 |   3 |  745.3 |
       Dungeon |   2236 |   2179 |     57 |      0 |   1676 |   3 |  745.3 |
               +--------+--------+--------+--------+--------+-----+--------+

Top non-repeatable levels by time:
     D:1: 790 daAuts
     D:2: 744 daAuts
     D:3: 701 daAuts
